 Dungeon Crawl Stone Soup version 0.29.1-2-gbd0b4ee654 (webtiles) character file.

Game seed: 17910815130138266025

4 zeram the Vexing (level 1, -2/9 HPs)
             Began as a Spriggan Arcane Marksman on Nov 13, 2022.
             Slain by a jackal (3 damage)
             ... on level 1 of the Dungeon.
             The game lasted 00:01:29 (169 turns).

zeram the Vexing (Spriggan Arcane Marksman)          Turns: 169, Time: 00:01:29

Health: -2/9       AC:  2    Str:  6    XL:     1   Next: 58%
Magic:  3/3        EV: 17    Int: 14    God:
Gold:   14         SH:  0    Dex: 15    Spells: 1/2 levels left

rFire   . . .      SeeInvis +   a - +1 sling
rCold   . . .      Faith    .   (no shield)
rNeg    . . .      Spirit   .   c - +0 robe
rPois   .          Reflect  .   (helmet restricted)
rElec   .          Harm     .   (no cloak)
rCorr   .          Rampage  .   (gloves unavailable)
Will    .....                   (boots unavailable)
Stlth   +.........              (no amulet)
HPRegen 0.03/turn               (no ring)
MPRegen 0.08/turn               (no ring)

@: very quick
A: very small, no large weapons, unfitting armour, see invisible, speed 3
a: no special abilities


You were on level 1 of the Dungeon.
You visited 1 branch of the dungeon, and saw 1 of its levels.

You collected 14 gold pieces.

Inventory:

Hand Weapons
 a - a +1 sling (weapon)
Armour
 c - a +0 robe (worn)
Scrolls
 b - 2 scrolls of poison
 f - a scroll of blinking {unknown}


   Skills:
 - Level 0.7 Fighting
 + Level 2.1 Ranged Weapons
 + Level 2.6 Dodging
 + Level 1.3 Spellcasting
 + Level 3.9 Hexes


You had one spell level left.
You knew the following spells:

 Your Spells              Type           Power      Damage    Failure   Level
a - Slow                  Hex            48%        N/A       4%          1

Your spell library contained the following spells:

 Spells                   Type           Power      Damage    Failure   Level
 Inner Flame              Hex/Fire       6%         N/A       34%         3
 Portal Projectile        Hex/Tloc       12%        N/A       34%         3
 Cause Fear               Hex            6%         N/A       45%         4


Dungeon Overview and Level Annotations

Branches:
Dungeon (1/15)

Altars:


Innate Abilities, Weirdness & Mutations

You are very small and have problems with some larger weapons.
You are too small for most types of armour.
You have supernaturally acute eyesight. (SInv)
You cover ground extremely quickly. (Speed+++)


Message History

You shoot a sling bullet.
The sling bullet closely misses the jackal.
The jackal completely misses you.
You shoot a sling bullet.
The sling bullet closely misses the jackal.
The jackal bites you. x2
* * * LOW HITPOINT WARNING * * *
You are too injured to fight recklessly!
You are too injured to fight recklessly!
You are too injured to fight recklessly!
You are too injured to fight recklessly!
It was a potion of curing.
You feel better.
Unknown command.
Aiming: Slow (safe; 4% risk of failure)
Press: ? - help, Q - select action, (/) - cycle Shift-Dir - straight line, f/p - jackal
Aim: a jackal (heavily wounded, slow, chance to affect: 68%)
Okay, then.
Okay, then.
Really attack while wielding your +1 sling?
You clumsily bash the jackal but do no damage.
The jackal is heavily wounded.
The jackal misses you. The jackal closely misses you.
You clumsily bash the jackal but do no damage.
You punch the jackal.
The jackal is severely wounded.
The jackal bites you but does no damage.
You clumsily bash the jackal but do no damage.
The jackal is severely wounded.
The jackal is no longer moving slowly.
The jackal bites you. x2
You closely miss the jackal.
The jackal is severely wounded.
The jackal closely misses you. The jackal bites you.
* * * LOW HITPOINT WARNING * * *
You clumsily bash the jackal but do no damage.
The jackal is severely wounded.
The jackal misses you. The jackal completely misses you.
You barely miss the jackal.
The jackal is severely wounded.
The jackal completely misses you. The jackal bites you.
You die...

..'.........
..##########..# ..# .. .##
#####.######### .#
............... .#
#..............# .#
####.#......(...!...# .#
#....#!.....h)......#
.###.###########@#######
.......................#
.###.############.####.####
.###......................#
......###..######..###.##.#
......+. ##.....##.#
......##. .# #......#.#
...#'###...# #.#......#
##.#.......#######.#.####.#


You could see a jackal.

Vanquished Creatures
  A ball python (D:1)
  A goblin (D:1)
  A jackal (D:1)
  A frilled lizard (D:1)
4 creatures vanquished.

Vanquished Creatures (others)
  A goblin (D:1)
1 creature vanquished.

Grand Total: 5 creatures vanquished

Notes
Turn   | Place    | Note
-------+----------+-------------------------------------------
     0 | D:1      | zeram the Spriggan Arcane Marksman began the quest for the
                  | Orb.
     0 | D:1      | Reached XP level 1. HP: 9/9 MP: 3/3
   169 | D:1      | Slain by a jackal

Illustrated notes

Levels and vault maps discovered:
D:1:      amcnicky_arrival_choice, layout_basic, lemuel_flame_loot_1

Action                   || total
-------------------------++-------
Melee: Sling             ||     6
       Punch             ||     1
 Fire: Sling             ||    16
 Cast: Slow              ||     2
  Use: Potion            ||     2
Armor: Robe              ||     3
Dodge: Dodged            ||    16
